 Dungeon Crawl Stone Soup version 0.21.1-1-g345015f (webtiles) character file.

212 zishaf the Skirmisher (level 5, -1/61 HPs)
             Began as an Ogre Hunter on May 14, 2018.
             Slain by an orc wizard
             ... wielding a +0 dagger
              (3 damage)
             ... on level 3 of the Dungeon.
             The game lasted 00:04:00 (1473 turns).

zishaf the Skirmisher (Ogre Hunter)                 Turns: 1473, Time: 00:04:01

Health: -1/61      AC:  0    Str: 17    XL:     5   Next: 90%
Magic:  5/5        EV: 10    Int: 14    God:
Gold:   75         SH:  0    Dex:  9    Spells: 4/4 levels left

rFire    . . .     SeeInvis .   n - +0 mace
rCold    . . .     Gourm    .   (no shield)
rNeg     . . .     Faith    .   b - +0 robe
rPois    .         Spirit   .   (helmet restricted)
rElec    .         Reflect  .   (no cloak)
rCorr    .         Harm     .   (gloves unavailable)
MR       .....                  (boots unavailable)
Stlth    +.........             (no amulet)
HPRegen  0.20/turn              h - -3 ring of protection (curse)
MPRegen  0.09/turn              k - +2 ring of intelligence

@: confused
A: large, unfitting armour, tough skin 1
a: no special abilities


You were on level 3 of the Dungeon.
You were not hungry.

You visited 1 branch of the dungeon, and saw 3 of its levels.

You collected 75 gold pieces.

Inventory:

Hand Weapons
 n - a +0 mace (weapon)
Missiles
 p - 6 curare-tipped needles
Armour
 b - a +0 robe (worn)
Jewellery
 h - a cursed -3 ring of protection (left hand)
 k - a +2 ring of intelligence (right hand)
Scrolls
 a - a scroll of identify
 m - a scroll of immolation
 q - a scroll of enchant weapon
Potions
 e - 2 potions of degeneration {unknown}
 i - a potion of lignification {unknown}
 j - 2 potions of might {unknown}
 l - 2 potions of curing {unknown}
 o - a potion of agility {unknown}
Comestibles
 f - 3 rations
 g - a chunk of flesh


   Skills:
 * Level 6.4 Fighting
 + Level 2.3 Maces & Flails
 - Level 4.0 Throwing
 - Level 2.3 Dodging
 - Level 0.6 Stealth


You had 4 spell levels left.
You didn't know any spells.

Dungeon Overview and Level Annotations

Branches:
Dungeon (3/15)

Altars:
Dithmenos


Innate Abilities, Weirdness & Mutations

You are too large for most types of armour.
You have tough skin. (AC +1)


Message History

A puff of flame appears from out of thin air!
The puff of flame misses you.
You hear some strange, mumbled words.
You are confused.
The jackal bites you.
* * * LOW HITPOINT WARNING * * *
Something hits you.
* * * LOW HITPOINT WARNING * * *
You barely miss the jackal. The jackal closely misses you.
The orc hits you with a dagger.
* * * LOW HITPOINT WARNING * * *
The jackal bites you.
* * * LOW HITPOINT WARNING * * *
You hear some strange, mumbled words.
A puff of flame appears from out of thin air!
The puff of flame hits you!
* * * LOW HITPOINT WARNING * * *
You're too confused to move!
The jackal barely misses you. The orc barely misses you. Something hits you.
You die...

.......+....+ ...#
.#.#####....# ((.#
.......'....+ ..(..+
.#.#####))..#### ....
.#.#...........# ...
.#.#...........# {.#
##.#...........####.##
..#.###+#+##......).#
..... #...@h...## ####
#....o....#
#.......#.#
+.......#... #.......#
.... #.......# ....
#.......# ....
#.......# . ........#


You could see an orc and a jackal.

Vanquished Creatures
  A bullfrog (D:2)
  2 orc wizards (D:3)
  6 adders
  An ooze (D:3)
  2 leopard geckos
  An orc (D:3)
  A giant cockroach (D:1)
  3 goblins (D:1)
  2 hobgoblins
  3 jackals (D:2)
  2 kobolds (D:2)
  A quokka (D:2)
  A ball python (D:2)
  10 bats
  3 frilled lizards
  7 rats
46 creatures vanquished.

Notes
Turn   | Place    | Note
-------+----------+-------------------------------------------
     0 | D:1      | zishaf the Ogre Hunter began the quest for the Orb.
     0 | D:1      | Reached XP level 1. HP: 22/22 MP: 1/1
    89 | D:1      | Reached skill level 3 in Fighting
   139 | D:1      | Reached XP level 2. HP: 31/31 MP: 2/2
   671 | D:2      | Reached XP level 3. HP: 39/39 MP: 3/3
   718 | D:2      | Reached skill level 4 in Fighting
   738 | D:2      | Noticed a bullfrog
   739 | D:2      | Killed a bullfrog
   739 | D:2      | Reached skill level 5 in Fighting
   739 | D:2      | Reached skill level 1 in Maces & Flails
   739 | D:2      | Reached XP level 4. HP: 50/50 MP: 4/4
   751 | D:2      | Found a shadowy altar of Dithmenos.
  1017 | D:2      | Reached XP level 5. HP: 57/57 MP: 5/5
  1452 | D:3      | Reached skill level 6 in Fighting
  1472 | D:3      | HP: 2/61 [something/puff of flame (7)]
  1473 | D:3      | Slain by an orc wizard

Skill      XL: |  1  2  3  4  5 |
---------------+----------------+-----
Fighting       | 3 5 6 |  6.4
Dodging        | 2 |  2.3
Maces & Flails | 1 2 |  2.3
Throwing       | |  4.0
Stealth        | |  0.6

Action                   |  1- 3 |  4- 6 || total
-------------------------+-------+-------++-------
Melee: Short sword       |     2 |       ||     2
       Mace              |       |    26 ||    26
Throw: Large rock        |    41 |    36 ||    77
       Throwing net      |       |     4 ||     4
  Use: Scroll            |       |     2 ||     2
  Eat: Chunk             |       |     2 ||     2
Dodge: Dodged            |     6 |    27 ||    33
